 Dungeon Crawl Stone Soup version 0.31.0 (webtiles) character file.

Game seed: 17911436603081473350

11640 ces the Severer (level 11, -3/104 HPs)
             Began as a Minotaur Fighter on Jan 20, 2024.
             Engulfed by a cloud of freezing vapour (17 damage)
             ... on level 10 of the Dungeon.
             The game lasted 00:20:53 (13664 turns).

ces the Severer (Minotaur Fighter)                 Turns: 13664, Time: 00:20:54

Health: -3/104     AC:  9    Str: 24    XL:     11   Next: 52%
Magic:  10/10      EV: 11    Int:  5    God:
Gold:   172        SH: 11    Dex: 11    Spells: 10/10 levels left

rFire   . . .        a - +0 war axe
rCold   . . .        e - +2 kite shield of Indomitability {rC- rN+ Will+++ SInv}
rNeg    + . .        b - +1 scale mail
rPois   +            (helmet restricted)
rElec   .            (no cloak)
rCorr   .            (no gloves)
SInv    +            (no boots)
Will    +++..        (no amulet) Stlth
                     j - ring of protection from cold
HPRegen 0.37/turn    t - ring of poison resistance
MPRegen 0.12/turn

%: no passive effects
@: no status effects
A: horns 2, retaliatory headbutt
a: no special abilities


You were on level 10 of the Dungeon.
You visited 2 branches of the dungeon, and saw 11 of its levels.

You collected 514 gold pieces.
You spent 342 gold pieces at shops.

Inventory:

Hand Weapons
 a - a +0 war axe (weapon)
Missiles
 r - 3 throwing nets (quivered)
Armour
 b - a +1 scale mail (worn)
 c - a +0 buckler
 e - the +2 kite shield of Indomitability (worn) {rC- rN+ Will+++ SInv}
   (You bought it in a shop on level 9 of the Dungeon)

   rC-:       It makes you vulnerable to cold.
   rN+:       It protects you from negative energy.
   Will+++:   It greatly increases your willpower.
   SInv:      It lets you see invisible.
Jewellery
 j - a ring of protection from cold (left hand)
 m - a +6 ring of intelligence
 t - a ring of poison resistance (right hand)
Wands
 o - a wand of paralysis (7)
 s - a wand of polymorph (3)
 v - a wand of roots (6)
Scrolls
 d - a scroll of amnesia {unknown}
 g - a scroll of fog
 h - a scroll of revelation {unknown}
 i - a scroll of enchant armour
 l - a scroll of vulnerability
 p - 2 scrolls of noise
 q - a scroll of acquirement {unknown}
 u - a scroll of fear
 x - a scroll of identify
Potions
 f - 6 potions of brilliance
 k - a potion of attraction
 n - a potion of curing
 w - a potion of berserk rage {unknown}
 z - 3 potions of enlightenment


   Skills:
 + Level 11.9 Fighting
 * Level 15.7 Axes
 - Level 7.4 Armour
 + Level 5.5 Dodging
 - Level 6.2 Shields


You had 10 spell levels left.
You didn't know any spells.
Your spell library contained the following spells:

 Spells                   Type           Power      Damage    Failure   Level
 Magic Dart               Conj           0%         1d3       93%         1
 Slow                     Hex            0%         N/A       93%         1
 Blink                    Tloc           0%         N/A       98%         2
 Call Imp                 Summ           0%         N/A       98%         2
 Sublimation of Blood     Necr           0%         N/A       98%         2
 Confusing Touch          Hex            0%         N/A       100%        3
 Dazzling Flash           Conj/Hex       0%         N/A       100%        3
 Inner Flame              Hex/Fire       0%         N/A       100%        3
 Mephitic Cloud           Conj/Alch/Air  0%         N/A       100%        3
 Sigil of Binding         Hex            0%         N/A       100%        3
 Vampiric Draining        Necr           0%         2d6       100%        3
 Olgreb's Toxic Radiance  Alch           0%         N/A       100%        4
 Curse of Agony           Necr           0%         N/A       100%        5
 Irradiate                Conj/Alch      0%         3d11      100%        5
 Silence                  Hex/Air        0%         N/A       100%        5
 Ozocubu's Refrigeration  Ice            0%         4d7       100%        7
 Summon Hydra             Summ           0%         N/A       100%        7
 Discord                  Hex            0%         N/A       100%        8
 Ignition                 Fire           0%         3d3       100%        8


Dungeon Overview and Level Annotations

Branches:
Dungeon (11/15)            Temple (1/1) D:4            Lair (0/5) D:10
    Orc (0/2) D:10

Altars:
Ashenzari
Cheibriados
Elyvilon
Fedhas
Gozag
Hepliaklqana
Kikubaaqudgha
Makhleb
Nemelex Xobeh
Okawaru
Qazlal
Sif Muna
Trog
Uskayaw
Vehumet
Wu Jian
Xom
Yredelemnul
Zin
The Shining One

Shops:
D:4 :   D:5 *   D:9 [?*

Portals:
Trove: D:11 (give horn of Geryon)

Annotations:
D:6 2 transporters, Pikel
D:7 Maggie
D:10 Snorg


Innate Abilities, Weirdness & Mutations

You have a pair of horns on your head.
You reflexively headbutt those who attack you in melee.


Message History

The ice statue is lightly damaged.
You hit the ice statue but do no damage.
The ice statue is lightly damaged.
You barely miss the ice statue. You headbutt the ice statue!
The ice statue is lightly damaged.
The ice statue gestures at you. The shard of ice hits you!
You slash the ice statue! You headbutt the ice statue.
The ice statue is moderately damaged.
You slash the ice statue!
The ice statue is heavily damaged.
The ice statue glitters chillingly in the dim dungeon light.
The ice statue gestures at you. You block the shard of ice.
You slash the ice statue!
You headbutt the ice statue, but do no damage.
The ice statue is heavily damaged.
You slash the ice statue! Your headbutt misses the ice statue.
The ice statue is heavily damaged.
You slash the ice statue! You headbutt the ice statue!
The ice statue is almost destroyed.
You hit the ice statue but do no damage.
You headbutt the ice statue.
The ice statue is almost destroyed.
The ice statue gestures at you. You block the shard of ice.
You hit the ice statue but do no damage.
The ice statue is almost destroyed.
The ice statue gestures at you. The freezing blast engulfs you!
You hit the ice statue.
The ice statue is almost destroyed.
You are engulfed in freezing vapours.
* * * LOW HITPOINT WARNING * * *
You slash the ice statue!
You destroy the ice statue!
You are engulfed in freezing vapours.
* * * LOW HITPOINT WARNING * * *
You are engulfed in freezing vapours.
You die...

#.........?....#
#.......$....#.#
#............#.#
#...........#.#
#...........[.#
#....○).....#[#########
#....○○○....#.........#
#....○°○.........####.#
#....°@°....####.####.#
#...........##........#
#............#.###.####
#............#.# #.....
###...#####.<..###.####
#..## ####.[...# ##.#
###..## # #^# #..# ##
#.# #..# ##.


There were no monsters in sight!

Vanquished Creatures
  Josephine (D:10)
  A boulder beetle (D:11)
  3 two-headed ogres
  A cyclops (D:11)
  A manticore (D:11)
  2 elephants (D:10)
  An ice statue (D:10)
  A gargoyle (D:10)
  A komodo dragon (D:9)
  A troll (D:9)
  2 hornets
  A vampire (D:10)
  4 wraiths
  14 yaks
  Eustachio (D:3)
  A steam dragon (D:9)
  An acid dragon (D:10)
  A sky beast (D:6)
  3 orc warriors
  A black bear (D:10)
  An ice beast (D:5)
  5 centaurs (D:9)
  4 lemures
  3 bullfrogs
  2 kobold brigands
  3 scorpions
  7 wights
  5 killer bees (D:9)
  A jelly (D:6)
  An orc priest (D:5)
  2 bombardier beetles (D:5)
  5 hounds
  A gnoll bouda (D:9)
  3 orc wizards (D:5)
  3 sleepcaps
  2 iguanas
  6 adders
  A shadow imp (D:4)
  A dart slug (D:1)
  2 ribbon worms
  10 orcs
  3 ball pythons
  9 endoplasms
  3 giant cockroaches
  4 goblins
  6 hobgoblins
  10 jackals
  A quokka (D:3)
  7 bats
  4 frilled lizards
  16 kobolds
  6 rats
179 creatures vanquished.

Notes
Turn   | Place    | Note
-------+----------+-------------------------------------------
     0 | D:1      | ces the Minotaur Fighter began the quest for the Orb.
     0 | D:1      | Reached XP level 1. HP: 19/19 MP: 0/0
   155 | D:1      | Reached XP level 2. HP: 20/27 MP: 1/1
   159 | D:1      | Reached skill level 3 in Axes
   903 | D:2      | Reached XP level 3. HP: 28/33 MP: 2/2
  1589 | D:3      | Found a faded altar of an unknown god.
  1764 | D:3      | Reached XP level 4. HP: 40/40 MP: 3/3
  1858 | D:3      | Reached skill level 4 in Axes
  1903 | D:3      | Found a radiant altar of Vehumet.
  2203 | D:3      | Found an ancient bone altar of Kikubaaqudgha.
  2330 | D:4      | Noticed a scorpion
  2335 | D:4      | Killed a scorpion
  2336 | D:4      | Reached XP level 5. HP: 44/47 MP: 4/4
  2355 | D:4      | Found a snail-covered altar of Cheibriados.
  2486 | D:4      | Noticed Eustachio
  2505 | D:3      | Killed Eustachio
  2506 | D:3      | Reached skill level 5 in Axes
  2506 | D:3      | Reached XP level 6. HP: 5/55 MP: 5/5
  3076 | D:4      | Found a staircase to the Ecumenical Temple.
  3138 | D:4      | Reached skill level 5 in Shields
  3182 | D:4      | Reached skill level 5 in Fighting
  3338 | D:4      | Found Baifeno's Book Emporium.
  3386 | Temple   | Entered the Ecumenical Temple
  3404 | D:5      | Entered Level 5 of the Dungeon
  3449 | D:5      | Found Veoth's General Store.
  3453 | D:5      | Reached skill level 5 in Armour
  3756 | D:5      | Reached skill level 6 in Axes
  3996 | D:5      | Reached XP level 7. HP: 61/61 MP: 6/6
  4347 | D:5      | Found a stormy altar of Qazlal.
  4812 | D:6      | Noticed a yak
  4812 | D:6      | Noticed a yak
  4812 | D:6      | Noticed a yak
  4812 | D:6      | Noticed a yak
  4879 | D:5      | Reached skill level 7 in Axes
  4962 | D:5      | Killed a yak
  5194 | D:5      | Killed a yak
  5195 | D:5      | Reached XP level 8. HP: 39/70 MP: 7/7
  5312 | D:6      | Reached skill level 8 in Axes
  5590 | D:6      | Found a transporter.
  5640 | D:6      | Found a transporter.
  5801 | D:6      | Noticed Pikel
  5822 | D:7      | Reached skill level 9 in Axes
  5838 | D:7      | Noticed Maggie
  6851 | D:6      | You fall into a shaft and drop 3 floors!
  7258 | D:9      | Reached XP level 9. HP: 71/79 MP: 8/8
  7261 | D:9      | Reached skill level 10 in Axes
  7277 | D:9      | Reached skill level 11 in Axes
  7682 | D:9      | Found Taly's Antique Armour Shoppe.
  7866 | D:9      | Noticed a two-headed ogre
  7879 | D:9      | Killed a two-headed ogre
  7880 | D:9      | Reached skill level 12 in Axes
  8123 | D:9      | Found Weux's Magic Scroll Shop.
  8633 | D:9      | Bought a transparent kite shield for 342 gold pieces
  8633 | D:9      | Identified the +2 kite shield of Indomitability {rC- rN+
                  | Will+++ SInv} (You bought it in a shop on level 9 of the
                  | Dungeon)
  8770 | D:9      | Reached XP level 10. HP: 39/91 MP: 9/9
  9014 | D:9      | Found Byariudgh's Assorted Antiques.
  9367 | D:9      | Reached skill level 10 in Fighting
  9367 | D:9      | Reached skill level 13 in Axes
  9379 | D:9      | Paralysed by a hornet for 2 turns
 10534 | D:10     | Entered Level 10 of the Dungeon
 10534 | D:10     | Noticed an ice statue
 10618 | D:10     | Noticed Josephine
 10645 | D:10     | Reached skill level 1 in Dodging
 10655 | D:10     | Killed Josephine
 10663 | D:10     | Reached skill level 14 in Axes
 11057 | D:10     | Noticed a two-headed ogre
 11087 | D:9      | Killed a two-headed ogre
 11295 | D:10     | Noticed an elephant
 11585 | D:10     | Reached XP level 11. HP: 99/102 MP: 10/10
 12030 | D:10     | Noticed a +0 dagger
 12030 | D:10     | Noticed a +0 spear
 12030 | D:10     | Noticed a +0 short sword
 12031 | D:10     | Noticed a +0 dagger
 12031 | D:10     | Noticed a +0 short sword
 12031 | D:10     | Noticed a +0 spear
 12033 | D:10     | Noticed a +0 falchion
 12034 | D:10     | Noticed a +0 falchion
 12045 | D:10     | Found a hide-covered altar of Uskayaw.
 12089 | D:10     | Noticed a two-headed ogre
 12123 | D:10     | Killed a two-headed ogre
 12124 | D:10     | Reached skill level 15 in Axes
 12457 | D:10     | Found a staircase to the Lair.
 12637 | D:10     | Found a broken altar of Ashenzari.
 12639 | D:10     | Found an opulent altar of Gozag.
 12710 | D:10     | Noticed Snorg
 12722 | D:11     | Noticed a boulder beetle
 12722 | D:11     | Found a portal to a secret trove of treasure.
 12775 | D:11     | Killed a boulder beetle
 12776 | D:11     | Reached skill level 5 in Dodging
 13471 | D:11     | Noticed a brown ugly thing
 13599 | D:10     | Found a staircase to the Orcish Mines.
 13664 | D:10     | Engulfed by a cloud of freezing vapour

Illustrated notes

Levels and vault maps discovered:
D:1:      ebering_hopf_link, layout_basic
D:2:      layout_basic
D:3:      layout_loops_ring, fiery_altar_vehumet,
          mainiacjoe_overflow_surrounded_room,
          hellmonk_ecumenical_altar_run_dry, st_stairs_8,
          dreamdust_mushroom_princess
D:4:      layout_layer_cave, slow_altar_2, minmay_temple_entry_slanted,
          serial_shops, nicolae_book_shop_shelving, minmay_stone_trees_medium,
          uniq_eustachio
D:5:      layout_basic, mainiacjoe_overflow_alcove_1, serial_shops,
          nicolae_shop_hallway_plus
D:6:      minmay_skewed_foursquare, layout_rooms, nicolae_ru_path_of_blood,
          gammafunk_ghost_gnarly_gnolls, uniq_pikel
D:7:      nzn_winding_woodlands_medium [nzn_winding_woodlands_5x5_perimeter,
          nzn_winding_woodlands_5x15_zeroes,
          nzn_winding_woodlands_5x5_checkerboard,
          nzn_winding_woodlands_hourglass, nzn_winding_woodlands_center_garden,
          nzn_winding_woodlands_5x5_default, nzn_winding_woodlands_5x5_cross,
          nzn_winding_woodlands_5x15_crooked,
          nzn_winding_woodlands_5x5_default], layout_rooms, st_stairs_4,
          minivault_27, uniq_menkaure, uniq_maggie
D:9:      minmay_octagon_keep, layout_basic, serial_shops,
          nicolae_shop_waterfront, shop, nicolae_shop_rolled_up
D:10:     layout_loops_ring, nicolae_uskayaw_en_pointe,
          grunt_temple_overflow_open, grunt_lair_entry_orc_guard_hut,
          orc_0_dummy, nrook_mini_backslash, minivault_16,
          kennysheep_cluttered_room, uniq_josephine, uniq_snorg
D:11:     layout_gridville, enter_trove_2, laboratory
Temple:   cyrus_circular_temple

Skill      XL: |  1  2  3  4  5  6  7  8  9 10 11 |
---------------+----------------------------------+-----
Axes           | 3 4 5 6 7 9 12 14 15 | 15.7
Fighting       | 4 5 6 7 9 11 | 11.9
Armour         | 4 5 6 7 |  7.4
Shields        | 4 5 6 |  6.2
Dodging        | 3 5 |  5.5

Action                     |  1- 3 |  4- 6 |  7- 9 | 10-12 || total
---------------------------+-------+-------+-------+-------++-------
  Melee: War axe           |    90 |    70 |   190 |   207 ||   557
         Headbutt          |    18 |    11 |    42 |    49 ||   120
         Unarmed           |       |       |     5 |       ||     5
  Evoke: Wand              |       |       |     6 |    17 ||    23
    Use: Scroll            |       |     6 |     9 |     1 ||    16
         Potion            |       |       |     2 |     9 ||    11
   Stab: Paralysed         |       |       |     2 |     8 ||    10
 Armour: Scale mail        |    60 |    99 |   170 |   118 ||   447
         Skin              |       |       |     5 |     9 ||    14
  Dodge: Dodged            |    52 |    46 |    77 |    57 ||   232
  Block: Buckler           |    26 |    25 |    42 |       ||    93
         Kite shield       |       |       |    16 |    89 ||   105
